 Dungeon Crawl Stone Soup version 0.28.0-43-g3370ac3207 (webtiles) character file.

Game seed: 14954086257162570168

4 Descartes the Vexing (level 1, 0/9 HPs)
             Began as a Felid Wanderer on Mar 16, 2022.
             Slain by a jackal (1 damage)
             ... on level 1 of the Dungeon.
             The game lasted 00:00:55 (219 turns).

Descartes the Vexing (Felid Wanderer)                Turns: 219, Time: 00:00:56

Health: 0/9        AC:  1    Str:  4    XL:     1   Next: 50%
Magic:  3/3        EV: 15    Int: 18    God:
Gold:   18         SH:  0    Dex: 14    Spells: 2/2 levels left
                                        Lives:  0   Deaths: 0

rFire   . . .      SeeInvis +   (weapon unavailable)
rCold   . . .      Faith    .   (shield unavailable)
rNeg    . . .      Spirit   .   (armour unavailable)
rPois   .          Reflect  .   (helmet unavailable)
rElec   .          Harm     .   (cloak unavailable)
rCorr   .          Rampage  .   (gloves unavailable)
Will    .....                   (boots unavailable)
Stlth   ++........              (no amulet)
HPRegen 0.03/turn               (no ring)
MPRegen 0.08/turn               (no ring)

@: quick
A: very small, claws 1, fangs 3, see invisible, speed 1, shaggy fur 1, stealthy
paws, no weapons or thrown items, no armour, multi-lived
a: no special abilities


You were on level 1 of the Dungeon.
You visited 1 branch of the dungeon, and saw 1 of its levels.

You collected 18 gold pieces.

Inventory:

Scrolls
 a - a scroll of torment {unknown}


   Skills:
 - Level 1.0 Fighting
 * Level 0.6 Dodging
 * Level 1.7 Stealth
 + Level 0.1 Unarmed Combat
 - Level 1.0 Spellcasting
 + Level 5.9 Hexes
 - Level 3.0 Necromancy


You had 2 spell levels left.
You didn't know any spells.
Your spell library contained the following spells:

 Spells                   Type           Power      Damage    Failure   Level
 Slow                     Hex            88%        N/A       1%          1
 Animate Skeleton         Necr           22%        N/A       6%          1
 Tukima's Dance           Hex            22%        N/A       5%          3
 Vampiric Draining        Necr           11%        2d6       17%         3
 Cause Fear               Hex            11%        N/A       17%         4


Dungeon Overview and Level Annotations

Branches:
Dungeon (1/15)

Altars:


Innate Abilities, Weirdness & Mutations

You have sharp claws.
You have razor-sharp teeth.
You have supernaturally acute eyesight. (SInv)
You cover ground quickly. (Speed+)
You are covered in fur. (AC +1)
Your paws help you pounce on unaware monsters.
You are incapable of wielding weapons or throwing items.
You cannot wear armour.
You gain extra lives every three experience levels.


Message History

Found a leather armour.
No target in view! 2 jackals come into view.
The jackal barks!
You hear a bark! x2
A jackal comes into view.
The jackal barks!
You miss the jackal. You bite the jackal, but do no damage.
The jackal closely misses you.
You scratch the jackal but do no damage.
The jackal misses you. The jackal closely misses you.
You scratch the jackal.
The jackal is severely wounded.
The jackal barely misses you.
You barely miss the jackal.
The jackal is severely wounded.
The jackal misses you.
You closely miss the jackal. You scratch the jackal.
The jackal is severely wounded.
The jackal bites you. The jackal closely misses you.
You barely miss the jackal. Your bite misses the jackal.
The jackal is severely wounded.
A jackal comes into view.
The jackal barely misses you.
You closely miss the jackal.
The jackal is severely wounded.
The jackal misses you. The jackal bites you.
You scratch the jackal.
You kill the jackal!
The jackal bites you.
* * * LOW HITPOINT WARNING * * *
The jackal stops to sniff the ground.
You scratch the jackal.
The jackal is moderately wounded.
The jackal closely misses you. The jackal bites you.
* * * LOW HITPOINT WARNING * * *
You scratch the jackal.
The jackal is heavily wounded.
The jackal bites you.
You die...

#.# # >. .. #.#### #. .#
########.##.. #. .#
#...........# #.#.#
#.######.#... #...#
###.#####....## #...
............##
####..######.#####...###
#....hh@............## #
#.###h###....######## #
#†###.##.# #...#.##.#
###.#.##.# #..[#.##.#
#.h...##.# #........#
...#### .#


You could see 3 jackals.

Vanquished Creatures
  A ball python (D:1)
  An endoplasm (D:1)
  A jackal (D:1)
3 creatures vanquished.

Notes
Turn   | Place    | Note
-------+----------+-------------------------------------------
     0 | D:1      | Descartes the Felid Wanderer began the quest for the Orb.
     0 | D:1      | Descartes set off with the following spells available to
                  | memorise: Slow, Animate Skeleton, Tukima's Dance, Vampiric
                  | Draining, Cause Fear
     0 | D:1      | Reached XP level 1. HP: 9/9 MP: 3/3
   219 | D:1      | Slain by a jackal

Illustrated notes

Levels and vault maps discovered:
D:1:      evilmike_arrival_rings, layout_loops_ring,
          shapermc_ecumenical_altar_notcrosses

Action                   || total
-------------------------++-------
Melee: Unarmed           ||    16
       Bite              ||     1
Dodge: Dodged            ||    12
